 Dungeon Crawl Stone Soup version 0.14-a0-953-g9e7f188 (webtiles) character file.

691 PolkaDot the Ruinous (level 6, -3/41 HPs)
             Began as a Vampire Conjurer on Nov 21, 2013.
             Shot with an arrow by a centaur (20 damage)
             ... on Level 5 of the Dungeon.
             The game lasted 00:20:54 (5189 turns).

PolkaDot the Ruinous (Vampire Conjurer)             Turns: 5189, Time: 00:20:54

HP  -3/41        AC  6     Str  7      XL: 6   Next: 70%
MP  11/13        EV 12     Int 22      God:
Gold 252         SH  0     Dex 14      Spells:  4 memorised,  0 levels left

Res.Fire  : . . .   See Invis. : +   (no weapon)
Res.Cold  : . . .   Warding    : .   a - +0 robe
Life Prot.: . . .   Conserve   : .   (no shield)
Res.Poison: .       Res.Corr.  : .   (no helmet)
Res.Elec. : .       Clarity    : .   (no cloak)
Sust.Abil.: . .     Spirit.Shd : .   (no gloves)
Res.Mut.  : .       Stasis     : .   (no boots)
Res.Rott. : .       Flight     : .   (no amulet)
Saprovore : . . .                    (no ring)
                                     k - +3 ring of intelligence

@: regenerating quickly, very slightly contaminated, slightly resistant to
hostile enchantments, stealthy
A: bottle blood, fangs 3, iridescent scales 1, see invisible, unbreathing
a: Bottle Blood


You were on level 5 of the Dungeon.
You were full.

You visited 1 branch of the dungeon, and saw 5 of its levels.

You collected 252 gold pieces.

Inventory:

Armour
 a - a +0 robe (worn)
 g - the cursed -3 pair of gloves of Gehenna {rN+, unknown}
   (You found it on level 5 of the Dungeon)

   It protects you from negative energy.
   It has a curse placed upon it.
Scrolls
 d - 3 scrolls of enchant weapon II
 j - 3 scrolls of remove curse
Jewellery
 k - a +3 ring of intelligence (left hand)
Potions
 b - a potion of berserk rage {unknown}
 e - 2 potions of curing
 f - a potion of brilliance
Books
 c - a book of Conjurations

   Spells                             Type                      Level
   *Magic Dart                        Conjuration                  1
   *Searing Ray                       Conjuration                  2
   Dazzling Spray                     Conjuration/Hexes            3
   *Iskenderun's Mystic Blast         Conjuration                  4
   *Iskenderun's Battlesphere         Conjuration/Charms           4
   Fulminant Prism                    Conjuration/Hexes            5


   Skills:
 - Level 2.1 Dodging
 - Level 3.0 Stealth
 + Level 3.0 Spellcasting
 * Level 5.4 Conjurations
 + Level 1.3 Charms


You couldn't memorise any spells.
You knew the following spells:

 Your Spells              Type           Power        Failure   Level  Hunger
a - Magic Dart            Conj           ####         1%          1    None
b - Iskenderun's Mystic   Conj           ####....     14%         4    ####...
s - Searing Ray           Conj           ####..       1%          2    ##.....
z - Iskenderun's Battles  Conj/Chrm      ###.....     34%         4    ####...


Dungeon Overview and Level Annotations

Branches:
Dungeon (5/16)
 Temple: D:4-7

Altars:
Ashenzari
Elyvilon
Sif Muna
Xom


Innate Abilities, Weirdness & Mutations

Your natural rate of healing is unusually fast.
You can bottle blood from corpses.
You have razor-sharp teeth.*
You have supernaturally acute eyesight.
You can survive without breathing.*
You are partially covered in iridescent scales (AC +4).*


Message History

Confirm with . or Enter, or press ? or * to list all spells.
You miscast Iskenderun's Battlesphere.
You are very lightly contaminated with residual magic.
Strange energies run through your body.
You see here a pair of faintly humming gloves.
g - a pair of faintly humming gloves The ice beast barely misses you.
The kobold shouts!
You open the door. The ice beast hits you. The ice beast freezes you!
There is an open door here.
A centaur comes into view.
The centaur shouts!
Drink which item? (? for menu, Esc to quit)
Okay, then.
Read which item? (? for menu, Esc to quit)
Okay, then.
The centaur wields a runed bow.
The centaur shoots an arrow.
The arrow hits you!
The centaur shoots an arrow.
The arrow hits you!
You die...

....###.##...%..........
#.#####........... #K#
###...........
####'###...#.....#..
#......#.#.'.....#
#......#.#<#K....#
##......#+###.....#
.......c......I#+#.#
#............##.@...#
............##+#......#
.......................#
####..................#
#..................#
#..........###.....
#.#.####### ..## 8 ...


You could see an ice beast, a centaur and a kobold.

Vanquished Creatures
  A phantom (D:4)
  A crimson imp (D:5)
  An orc wizard (D:4)
  3 worker ants
  An iguana (D:4)
  3 gnolls (D:4)
  3 adders
  A giant mite (D:4)
  2 worms (D:4)
  A giant gecko (D:4)
  11 orcs
  3 giant cockroaches
  8 hobgoblins
  12 jackals
  A quokka (D:4)
  A ball python (D:4)
  A ball python skeleton (D:4)
  13 bats
  11 giant newts
  8 goblins
  9 kobolds
  12 rats
107 creatures vanquished.

Notes
Turn   | Place    | Note
--------------------------------------------------------------
     0 | D:1      | PolkaDot, the Vampire Conjurer, began the quest for the Orb.
     0 | D:1      | Reached XP level 1. HP: 13/13 MP: 4/4
   532 | D:1      | Reached XP level 2. HP: 19/19 MP: 0/5
  1122 | D:1      | Learned a level 2 spell: Searing Ray
  1599 | D:1      | Reached XP level 3. HP: 18/24 MP: 1/6
  2303 | D:2      | Reached skill level 4 in Conjurations
  2310 | D:2      | Gained mutation: You are partially covered in iridescent scales (AC +4). [potion of mutation]
  2633 | D:3      | Found a shimmering altar of Xom.
  2671 | D:3      | Reached XP level 4. HP: 30/30 MP: 5/8
  3137 | D:3      | Found a white marble altar of Elyvilon.
  3681 | D:4      | Reached XP level 5. HP: 21/35 MP: 2/10
  3936 | D:4      | Found a shattered altar of Ashenzari.
  3963 | D:4      | Noticed a phantom
  4024 | D:4      | Somebody: Hi. Check your !messages on IRC for a good, if a little sad laugh.
  4063 | D:4      | Killed a phantom
  4063 | D:4      | Reached skill level 5 in Conjurations
  4134 | D:4      | Reached XP level 6. HP: 36/41 MP: 3/12
  4143 | D:4      | Learned a level 4 spell: Iskenderun's Battlesphere
  4401 | D:4      | Somebody: Hi again.
  4401 | D:4      | PolkaDot: Hi
  4401 | D:4      | PolkaDot: I saw the message :p
  4401 | D:4      | Somebody: :P
  4401 | D:4      | PolkaDot: And it was unlucky, but that's the life of a crawler :p
  4401 | D:4      | Somebody: No, I don't agree.
  4401 | D:4      | PolkaDot: For the most part, it can be put down to an error of the player, yeah
  4401 | D:4      | Somebody: I should have been more careful and discriminated more harshly towards low-level spells that you don't have enough time to cast *a lot * in a genuinely unpleasant situation.
  4401 | D:4      | Somebody: I could have had ability to cast DD with the help of a potion of Brilliance at that point. :P
  4401 | D:4      | Somebody: And waking up Aizul was not a good all at my part, I could have just rTele'd away...
  4401 | D:4      | Somebody: In any case, it was amusing.
  4401 | D:4      | PolkaDot: Heh, silly moose ^^
  4401 | D:4      | PolkaDot: At least you had the sense to do Lair before D:14
  4401 | D:4      | Somebody: Well, at least so.
  4401 | D:4      | PolkaDot: That Cj could have had uber-powerful Tornado insanel;y early
  4401 | D:4      | PolkaDot: Buuut no, I had to go find a Yaktaur with a Centaur Warrior as a chum :D
  4401 | D:4      | Somebody: Was it your last character?
  4401 | D:4      | PolkaDot: Yep
  4401 | D:4      | Somebody: I'll watch a replay for a good measure and be back soon.
  4401 | D:4      | PolkaDot: With nearly maxed Veh piety and Wild magic 2
  4401 | D:4      | PolkaDot: I'll never get that lucky again xD
  4401 | D:4      | PolkaDot: cools :3
  4676 | D:4      | Found a deep blue altar of Sif Muna.
  4677 | D:4      | PolkaDot: Ah, the choice
  4701 | D:5      | Entered Level 5 of the Dungeon
  4818 | D:4      | Somebody: Hmm. This is about the same feeling I've had when I died as a DENe with a sword of the Doom Knight.
  4818 | D:4      | Somebody: ...still, it's wrong.
  4818 | D:4      | PolkaDot: Hm?
  4818 | D:4      | PolkaDot: Wild magic 2 WAS lucky
  4818 | D:4      | Somebody: You *will* get lucky again.
  4818 | D:4      | PolkaDot: oih, right
  4818 | D:4      | Somebody: Perhaps not this particular kind of lucky, but still.
  4818 | D:4      | PolkaDot: yeeahh, true
  4912 | D:4      | Somebody: I've seen your replay and I think (lo, adn behold) that this game need a sort of warning, you're suddenly mortal reminder.
  4920 | D:4      | PolkaDot: xD
  4920 | D:4      | PolkaDot: The start has been phenomenally easier than it usually feels
  4920 | D:4      | Somebody: Oh, "Warning, you're unexpectedly mortal".
  4920 | D:4      | PolkaDot: not sure if I've taken a lot from the last game and am playing better
  4920 | D:4      | PolkaDot: Or I've lucked it this far with recklessness
  4920 | D:4      | PolkaDot: that said
  4920 | D:4      | Somebody: In any case... come see what I've found.
  4920 | D:4      | PolkaDot: Had the sense to not duke it out with an ogre, so maybe a bit of bnoth
  4920 | D:4      | PolkaDot: oh?
  5025 | D:5      | Reached skill level 1 in Charms
  5108 | D:5      | Learned a level 4 spell: Iskenderun's Mystic Blast
  5166 | D:5      | Got a pair of faintly humming gloves
  5189 | D:5      | Shot with an arrow by a centaur

Action                   |  1- 3 |  4- 6 || total
-------------------------+-------+-------++-------
Melee: Unarmed           |    84 |    18 ||   102
 Cast: Magic Dart        |   111 |    52 ||   163
       Searing Ray       |     2 |    24 ||    26
       Iskenderun's Batt |       |     1 ||     1
  Use: Potion            |     5 |     4 ||     9
       Scroll            |       |    13 ||    13
 Stab: Sleeping          |       |     1 ||     1
